 Dungeon Crawl Stone Soup version 0.24.1-14-gf8d2b509d9 (console) character file.

Game seed: 1584565090354025496, levelgen mode: deterministic

75467 Kagalorn the Thaumaturge (level 15, -9/120 HPs)
             Began as a Gnoll Wanderer on Nov 12, 2020.
             Was a Follower of the Shining One.
             Mangled by an ettin
             ... wielding a +2 dire flail of crushing
              (11 damage)
             ... on level 1 of the Orcish Mines on Nov 26, 2020.
             The game lasted 01:16:03 (31362 turns).

Kagalorn the Thaumaturge (Gnoll Wanderer)          Turns: 31362, Time: 01:16:03

Health: -9/120     AC: 21    Str: 23    XL:     15   Next: 50%
Magic:  0/31       EV: 12    Int: 14    God:    the Shining One [*.....]
Gold:   1746       SH: 16    Dex: 16    Spells: 38/38 levels left

rFire    + . .     SeeInvis .   a - +9 long sword
rCold    x . .     Gourm    .   G - +1 shield
rNeg     . . .     Faith    .   k - +1 plate armour {rPois}
rPois    +         Spirit   +   r - +2 helmet
rElec    .         Reflect  +   H - scarf {Spirit}
rCorr    .         Harm     .   c - +0 pair of gloves {Dex+3}
MR       ++...                  v - +0 pair of boots
Stlth    ..........             T - +3 amulet of reflection
HPRegen  0.30/turn              l - ring of fire
MPRegen  0.22/turn              O - ring of protection from magic

@: glowing
A: distributed training, fangs 1, strong nose
a: Renounce Religion


You were on level 1 of the Orcish Mines.
You worshipped the Shining One.
The Shining One was aware of your devotion.
You were not hungry.

You visited 3 branches of the dungeon, and saw 22 of its levels.
You also visited: Trove, Ossuary and Gauntlet.

You collected 1957 gold pieces.
You spent 211 gold pieces at shops.

Inventory:

Hand Weapons
 a - a +9 long sword (weapon)
 b - a +3 mace of protection
 Y - a +2 scimitar of flaming
Missiles
 j - 20 boomerangs (quivered)
 y - 3 throwing nets
 z - 5 silver boomerangs
 I - 33 javelins
 Z - 3 silver javelins
Armour
 c - a +0 pair of gloves of dexterity (worn)
 i - a +2 plate armour of fire resistance
 k - a +1 plate armour of poison resistance (worn)
 r - a +2 helmet (worn)
 v - a +0 pair of boots (worn)
 C - a +1 cloak of magic resistance
 G - a +1 shield (worn)
 H - a scarf of spirit shield (worn)
Jewellery
 l - a ring of fire (left hand)
 t - an uncursed ring of ice
 L - an uncursed ring of wizardry
 O - a ring of protection from magic (right hand)
 Q - an uncursed ring of resist corrosion
 T - a +3 amulet of reflection (around neck)
Wands
 h - a wand of scattershot (2)
 u - a wand of digging (8)
 x - a wand of flame (76)
 K - a wand of acid (9)
 N - a wand of polymorph (13)
 V - a wand of paralysis (5)
 X - a wand of iceblast (7)
Scrolls
 d - a scroll of identify
 e - 4 scrolls of enchant armour
 g - 3 scrolls of fear
 o - a scroll of fog
 p - 3 scrolls of magic mapping
 J - 4 scrolls of blinking
 S - 8 scrolls of remove curse
 W - 15 scrolls of teleportation
Potions
 m - a potion of berserk rage
 n - 3 potions of heal wounds
 q - 6 potions of brilliance
 s - 6 potions of flight
 w - a potion of magic
 A - a potion of resistance
 B - a potion of lignification
 D - 4 potions of haste
 E - 5 potions of curing
 F - 3 potions of cancellation
 P - a potion of ambrosia
 R - 2 potions of mutation
 U - 2 potions of might
Comestibles
 f - 13 rations


   Skills:
 + Level 11.7 Fighting
 + Level 10.3 Short Blades
 + Level 9.9 Long Blades
 + Level 9.9 Axes
 + Level 9.9 Maces & Flails
 + Level 9.9 Polearms
 + Level 9.9 Staves
 + Level 9.9 Slings
 + Level 9.9 Bows
 + Level 9.9 Crossbows
 + Level 9.9 Throwing
 + Level 9.9 Armour
 + Level 9.9 Dodging
 + Level 10.7 Stealth
 + Level 10.3 Shields
 + Level 9.9 Unarmed Combat
 + Level 12.0 Spellcasting
 + Level 8.3 Conjurations
 + Level 8.3 Hexes
 + Level 8.3 Charms
 + Level 8.3 Summonings
 + Level 8.3 Necromancy
 + Level 8.3 Translocations
 + Level 8.3 Transmutations
 + Level 8.3 Fire Magic
 + Level 8.3 Ice Magic
 + Level 8.3 Air Magic
 + Level 8.3 Earth Magic
 + Level 8.3 Poison Magic
 + Level 10.8 Invocations
 + Level 9.9 Evocations


You had 38 spell levels left.
You didn't know any spells.
Your spell library contained the following spells:

 Spells                   Type           Power        Failure   Level  Hunger
 Animate Skeleton         Necr           N/A          6%          1    None
 Apportation              Tloc           ####..       6%          1    None
 Beastly Appendage        Tmut           ####..       6%          1    None
 Confusing Touch          Hex            ####..       6%          1    None
 Corona                   Hex            ####...      6%          1    None
 Magic Dart               Conj           ####         6%          1    None
 Pain                     Necr           ####         6%          1    None
 Summon Small Mammal      Summ           ####         6%          1    None
 Blink                    Tloc           N/A          10%         2    None
 Call Imp                 Summ           ####....     10%         2    None
 Slow                     Hex            ####....     10%         2    None
 Sticks to Snakes         Tmut           ####....     10%         2    None
 Call Canine Familiar     Summ           ####....     19%         3    None
 Conjure Flame            Conj/Fire      #####...     19%         3    None
 Inner Flame              Hex/Fire       #####...     19%         3    None
 Mephitic Cloud           Conj/Pois/Air  ####....     19%         3    None
 Portal Projectile        Hex/Tloc       ####..       19%         3    None
 Regeneration             Chrm/Necr      ####......   19%         3    None
 Spider Form              Tmut/Pois      ####......   19%         3    None
 Vampiric Draining        Necr           ####......   19%         3    None
 Animate Dead             Necr           N/A          52%         4    ###....
 Cause Fear               Hex            ####......   52%         4    ###....
 Ice Form                 Ice/Tmut       ####....     52%         4    ###....
 Leda's Liquefaction      Hex/Erth       ####......   52%         4    ###....
 Blade Hands              Tmut           ####......   86%         5    #####..


Dungeon Overview and Level Annotations

Branches:
Dungeon (15/15)            Temple (0/1) D:5            Lair (6/6) D:8
  Swamp (0/4) Lair:2       Spider (0/4) Lair:3        Slime (0/5) Lair:6
    Orc (1/2) D:9          Vaults (0/5) D:13         Depths (0/5) D:15
Ossuary (visited)         Gauntlet (visited)

Altars:
Ashenzari
Elyvilon
Hepliaklqana
Uskayaw
Wu Jian
Zin
The Shining One

Shops:
D:4 !}?   D:6 *   D:12 }

Annotations:
D:5 2 transporters, KlarStein's ghost, amateur DsAs


Innate Abilities, Weirdness & Mutations

Your experience applies equally to all skills.
You have very sharp teeth.
Your uncanny sense of smell can sniff out nearby items.


Message History

The ettin hits you with a +2 dire flail of crushing!
The ettin hits you with a +0 dire flail.
You slash the ettin!
The ettin is severely wounded.
The ettin hits you with a +2 dire flail of crushing!!
* * * LOW HITPOINT WARNING * * *
x2 The ettin hits you with a +0 dire flail!!!
* * * LOW HITPOINT WARNING * * *
You hit the ettin but do no damage.
The ettin is severely wounded.
You block the ettin's attack. x2
Unknown command.
There is a staircase back to the Dungeon here.
You slash the ettin!
The ettin is almost dead.
The ettin misses you. You block the ettin's attack.
You hit the ettin.
The ettin is almost dead.
The ettin hits you with a +2 dire flail of crushing!
You die...

...............
............#...
.................
................$
........>........
....$............
.................
.......@.........
........C........
.................
.#........$.###.#
#....#.........
##....#.........#
###.##.......###
## #.......#
.........


You could see an ettin.

Vanquished Creatures
  Nessos (Lair:4)
  Snorg (Lair:4)
  Josephine (D:13)
  10 hydras
  A catoblepas (Gauntlet)
  3 centaur warriors
  A two-headed ogre (D:12)
  5 death yaks (Lair:4)
  Urug (Lair:2)
  3 unseen horrors
  A wizard (D:15)
  A lindwurm (Lair:4)
  Pikel (D:6)
  2 necromancers
  11 ugly things
  A wolf spider (D:15)
  6 deep elf magi
  9 elephants
  A manticore (D:11)
  A cyclops (D:13)
  4 centaur zombies
  A naga mage (D:15)
  Maurice (D:10)
  7 black mambas
  4 centaur skeletons
  A smoke demon (Gauntlet)
  11 spiny frogs
  3 gargoyles
  An efreet (D:15)
  A freezing wraith (D:14)
  A rime drake (Lair:1)
  2 kobold demonologists (D:13)
  7 komodo dragons
  8 trolls
  3 meliai (D:14)
  3 polar bears
  2 jumping spiders (Lair:3)
  5 hornets
  A meliai zombie (D:13)
  5 slime creatures (D:12)
  A dream sheep (Lair:6)
  A harpy skeleton (D:15)
  3 blink frogs (Lair:6)
  6 hippogriffs
  3 flying skulls (Gauntlet)
  Sigmund (D:5)
  23 yaks
  4 redbacks (Lair:3)
  14 spriggans (Lair:6)
  A water elemental (D:13)
  6 wraiths
  3 basilisks
  4 wyverns
  A hungry ghost (D:12)
  A steam dragon (D:5)
  A soldier ant (D:12)
  An acid dragon (D:11)
  19 water moccasins
  8 porcupines
  7 ice beasts
  Duvessa (D:5)
  A swamp drake (D:11)
  7 black bears
  7 orc warriors
  3 sky beasts
  22 wolves
  2 phantoms
  The ghost of Tartanist the Insei, an amateur DsWr (D:3)
  4 boggarts (Lair:6)
  2 necrophages
  4 ogres
  11 centaurs
  15 crocodiles
  5 big kobolds
  10 bullfrogs
  Blork the orc (D:6)
  2 wyvern skeletons
  Dowan (D:5)
  A scorpion (D:9)
  11 killer bees
  3 electric eels
  10 wights
  3 howler monkeys
  6 crimson imps
  A wyvern simulacrum (D:14)
  2 hounds
  4 jellies
  Crazy Yiuf (D:2)
  2 bullfrog skeletons
  12 orc priests
  An iron imp (D:11)
  7 iguanas
  16 orc wizards
  7 worker ants
  A hound zombie (D:8)
  A hound skeleton (D:4)
  9 mummies
  2 worker ant zombies
  3 gnolls (D:2)
  15 adders
  7 shadow imps
  A white imp (D:11)
  2 worker ant simulacra (D:3)
  6 oozes
  An adder skeleton (D:5)
  An adder zombie (D:7)
  3 worms
  2 dart slugs
  2 adder simulacra (D:3)
  5 leopard geckos
  45 orcs
  2 ball pythons
  8 bats
  7 giant cockroaches
  2 gnoll zombies (Ossuary)
  9 goblins
  7 hobgoblins
  3 jackals (D:3)
  20 kobolds
  6 quokkas
  5 frilled lizards
  A goblin zombie (D:8)
  3 hobgoblin zombies (Ossuary)
  A jackal skeleton (D:6)
  A kobold zombie (Ossuary)
  3 orc zombies
  A quokka skeleton (D:4)
  9 rats
620 creatures vanquished.

Vanquished Creatures (collateral kills)
  A minotaur (Gauntlet)
  A wizard (D:13)
2 creatures vanquished.

Vanquished Creatures (others)
  A water moccasin (Lair:6)
  An ogre (D:6)
  A centaur (D:12)
  An orc wizard (D:4)
  2 orcs (D:11)
  A quokka skeleton (D:6)
  8 fungi
  14 plants
29 creatures vanquished.

Grand Total: 651 creatures vanquished

Notes
Turn   | Place    | Note
-------+----------+-------------------------------------------
     0 | D:1      | Kagalorn the Gnoll Wanderer began the quest for the Orb.
     0 | D:1      | Kagalorn set off with the following items: a +2 dagger, a
                  | potion of haste, a +0 spear, a +0 robe, a ration; and the
                  | following spell memorised: Summon Small Mammal; and the
                  | following spells available to memorise: Call Canine
                  | Familiar
     0 | D:1      | Reached XP level 1. HP: 23/23 MP: 8/8
   115 | D:1      | Reached XP level 2. HP: 29/29 MP: 10/10
   565 | D:1      | Reached XP level 3. HP: 35/35 MP: 11/11
  1316 | D:2      | Reached skill level 1 in Invocations
  1520 | D:2      | Reached skill level 1 in Long Blades
  1520 | D:2      | Reached skill level 1 in Axes
  1520 | D:2      | Reached skill level 1 in Maces & Flails
  1520 | D:2      | Reached skill level 1 in Polearms
  1520 | D:2      | Reached skill level 1 in Staves
  1520 | D:2      | Reached skill level 1 in Slings
  1520 | D:2      | Reached skill level 1 in Bows
  1520 | D:2      | Reached skill level 1 in Crossbows
  1520 | D:2      | Reached skill level 1 in Throwing
  1520 | D:2      | Reached skill level 1 in Armour
  1520 | D:2      | Reached skill level 1 in Dodging
  1520 | D:2      | Reached skill level 1 in Unarmed Combat
  1520 | D:2      | Reached skill level 1 in Evocations
  1520 | D:2      | Reached XP level 4. HP: 11/41 MP: 13/13
  1982 | D:2      | Reached skill level 1 in Conjurations
  1982 | D:2      | Reached skill level 1 in Hexes
  1982 | D:2      | Reached skill level 1 in Charms
  1982 | D:2      | Reached skill level 1 in Summonings
  1982 | D:2      | Reached skill level 1 in Necromancy
  1982 | D:2      | Reached skill level 1 in Translocations
  1982 | D:2      | Reached skill level 1 in Transmutations
  1982 | D:2      | Reached skill level 1 in Fire Magic
  1982 | D:2      | Reached skill level 1 in Ice Magic
  1982 | D:2      | Reached skill level 1 in Air Magic
  1982 | D:2      | Reached skill level 1 in Earth Magic
  1982 | D:2      | Reached skill level 1 in Poison Magic
  2126 | D:2      | Reached XP level 5. HP: 39/47 MP: 14/14
  2303 | D:2      | Found a runed translucent door.
  2304 | D:2      | Noticed Crazy Yiuf
  2318 | D:2      | Killed Crazy Yiuf
  2705 | D:3      | Found a runed translucent gate.
  2705 | D:3      | Found a runed translucent gate.
  2705 | D:3      | Found a runed translucent gate.
  2734 | D:3      | Noticed Tartanist's ghost (amateur DsWr)
  2993 | D:3      | You fall into a shaft and drop 3 floors!
  3095 | D:6      | Noticed an ogre
  3158 | D:6      | Noticed Pikel
  3158 | D:6      | Noticed a slave
  3255 | D:6      | Noticed a slave
  3262 | D:6      | Killed Pikel
  3262 | D:6      | Reached XP level 6. HP: 26/55 MP: 14/16
  3262 | D:6      | Reached XP level 7. HP: 28/60 MP: 15/18
  3639 | D:6      | Noticed Blork the orc
  3683 | D:6      | Reached skill level 5 in Stealth
  3693 | D:6      | HP: 2/90 [something/puff of frost (7)]
  3694 | D:6      | Killed Blork the orc
  4025 | D:6      | Found a glowing golden altar of the Shining One.
  4031 | D:6      | Became a worshipper of the Shining One
  4177 | D:6      | Reached XP level 8. HP: 42/67 MP: 19/19
  4294 | D:5      | Entered Level 5 of the Dungeon
  4297 | D:5      | Noticed Duvessa
  4297 | D:5      | Noticed Dowan
  4318 | D:5      | Killed Dowan
  4331 | D:5      | Killed Duvessa
  4628 | D:5      | Found a staircase to the Ecumenical Temple.
  4650 | D:5      | Noticed Sigmund
  4673 | D:6      | Found Ryk Caipn's Assorted Antiques.
  5054 | D:6      | Bought a bubbling orange potion for 19 gold pieces
  5054 | D:6      | Bought 3 scrolls labeled JUOGGU DYPPA for 66 gold pieces
  5054 | D:6      | Bought a scroll labeled IFUENA TOJAGY for 22 gold pieces
  5557 | D:4      | Found Bissevyg's Gadget Emporium.
  5647 | D:4      | Found Icsu Ryn's Magic Scroll Shop.
  5729 | D:4      | Reached skill level 8 in Spellcasting
  6302 | D:4      | Bought a scroll of teleportation for 33 gold pieces
  6302 | D:4      | Bought a scroll of magic mapping for 38 gold pieces
  6302 | D:4      | Bought a scroll of teleportation for 33 gold pieces
  6342 | D:4      | Reached * piety under the Shining One
  6503 | D:4      | Found Syatzua's Distillery.
  6561 | D:4      | Reached XP level 9. HP: 72/72 MP: 21/21
  6636 | D:3      | Found a shattered altar of Ashenzari.
  6889 | D:3      | Found a hazy altar of Hepliaklqana.
  7031 | D:3      | Killed Tartanist's ghost
  7415 | D:5      | Killed Sigmund
  7698 | D:5      | Found a transporter.
  7731 | D:5      | Found a transporter.
  7732 | D:5      | Noticed KlarStein's ghost (amateur DsAs)
  8226 | D:6      | Reached skill level 5 in Short Blades
  8226 | D:6      | Reached skill level 5 in Shields
  8690 | D:7      | Reached skill level 5 in Invocations
  9460 | D:7      | Found an ornate altar of the Wu Jian Council.
  9460 | D:7      | Found a hide-covered altar of Uskayaw.
  9461 | D:7      | Found a white marble altar of Elyvilon.
  9882 | D:8      | Reached XP level 10. HP: 80/80 MP: 22/22
  9998 | D:8      | Reached ** piety under the Shining One
 10171 | D:8      | Found a staircase to the Lair.
 10199 | D:8      | Found a sand-covered staircase.
 10205 | Ossuary  | Entered an ossuary
 10248 | Ossuary  | Reached *** piety under the Shining One
 10426 | Ossuary  | Reached skill level 5 in Long Blades
 10426 | Ossuary  | Reached skill level 5 in Axes
 10426 | Ossuary  | Reached skill level 5 in Maces & Flails
 10426 | Ossuary  | Reached skill level 5 in Polearms
 10426 | Ossuary  | Reached skill level 5 in Staves
 10426 | Ossuary  | Reached skill level 5 in Slings
 10426 | Ossuary  | Reached skill level 5 in Bows
 10426 | Ossuary  | Reached skill level 5 in Crossbows
 10426 | Ossuary  | Reached skill level 5 in Throwing
 10426 | Ossuary  | Reached skill level 5 in Armour
 10426 | Ossuary  | Reached skill level 5 in Dodging
 10426 | Ossuary  | Reached skill level 5 in Unarmed Combat
 10426 | Ossuary  | Reached skill level 5 in Evocations
 11147 | D:9      | Reached skill level 9 in Spellcasting
 11218 | D:9      | Found a staircase to the Orcish Mines.
 11524 | D:9      | Reached **** piety under the Shining One
 11870 | D:9      | Reached XP level 11. HP: 83/87 MP: 24/24
 12321 | D:10     | Entered Level 10 of the Dungeon
 13023 | D:10     | Noticed Maurice
 13052 | D:10     | Killed Maurice
 13514 | D:10     | Reached skill level 5 in Conjurations
 13514 | D:10     | Reached skill level 5 in Hexes
 13514 | D:10     | Reached skill level 5 in Charms
 13514 | D:10     | Reached skill level 5 in Summonings
 13514 | D:10     | Reached skill level 5 in Necromancy
 13514 | D:10     | Reached skill level 5 in Translocations
 13514 | D:10     | Reached skill level 5 in Transmutations
 13514 | D:10     | Reached skill level 5 in Fire Magic
 13514 | D:10     | Reached skill level 5 in Ice Magic
 13514 | D:10     | Reached skill level 5 in Air Magic
 13514 | D:10     | Reached skill level 5 in Earth Magic
 13514 | D:10     | Reached skill level 5 in Poison Magic
 13713 | D:11     | Noticed an unseen horror
 13724 | D:11     | Killed an unseen horror
 13915 | D:11     | Noticed a manticore
 13928 | D:11     | Killed a manticore
 14285 | D:11     | Noticed a deep elf mage
 14296 | D:11     | Noticed a deep elf mage
 14298 | D:11     | Killed a deep elf mage
 14306 | D:11     | Killed a deep elf mage
 14771 | Lair:1   | Entered Level 1 of the Lair of Beasts
 15935 | Lair:2   | Reached XP level 12. HP: 96/96 MP: 25/25
 16444 | Lair:2   | Reached skill level 10 in Spellcasting
 16457 | Lair:2   | Noticed Urug
 16485 | Lair:2   | Killed Urug
 17590 | Lair:2   | Found the +8 whip "Snakebite" {curare, rPois}
 17998 | Lair:2   | Noticed a seven-headed hydra
 18022 | Lair:2   | Killed a seven-headed hydra
 18074 | Lair:2   | Noticed a four-headed hydra
 18105 | Lair:2   | Killed a four-headed hydra
 18431 | Lair:2   | Found a staircase to the Swamp.
 18840 | Lair:3   | Reached skill level 10 in Fighting
 18892 | Lair:3   | Found a hole to the Spider Nest.
 19426 | Lair:4   | Reached XP level 13. HP: 94/103 MP: 24/27
 19708 | Lair:4   | Found a gate leading to a gauntlet.
 19717 | Lair:4   | Noticed Nessos
 19722 | Gauntlet | Entered a Gauntlet
 19722 | Gauntlet | Found a transporter.
 19722 | Gauntlet | Found a transporter.
 19722 | Gauntlet | Found a transporter.
 19723 | Gauntlet | Found a transporter.
 19725 | Gauntlet | Noticed a balrug
 19726 | Gauntlet | Found a transporter.
 19737 | Gauntlet | Found a transporter.
 19758 | Gauntlet | Found a transporter.
 19758 | Gauntlet | Reached ***** piety under the Shining One
 19780 | Gauntlet | Found a transporter.
 19797 | Gauntlet | Found a transporter.
 19805 | Gauntlet | Found a transporter.
 19823 | Gauntlet | Found a transporter.
 19870 | Gauntlet | Identified the ring of Nepturaw {rC+ AC+4}
 19879 | Gauntlet | Found a transporter.
 20774 | Gauntlet | Identified the +2 great mace "Demonslayer" {protect, +Blink
                  | Str+4}
 20774 | Gauntlet | Noticed a minotaur
 20782 | Gauntlet | Killed a minotaur
 20798 | Lair:4   | Killed Nessos
 21434 | Lair:4   | Noticed Snorg
 21450 | Lair:4   | Killed Snorg
 23085 | Lair:4   | Reached skill level 11 in Spellcasting
 23537 | Lair:6   | Entered Level 6 of the Lair of Beasts
 23587 | Lair:6   | Reached XP level 14. HP: 39/111 MP: 12/29
 24207 | Lair:6   | Found a staircase to the Slime Pits.
 24667 | Lair:6   | Reached skill level 10 in Stealth
 24676 | Lair:6   | Paralysed by a hornet for 3 turns
 24706 | Lair:6   | HP: 4/113 [wolf (2)]
 24711 | Lair:6   | HP: 4/113 [polar bear (2)]
 26395 | D:12     | Reached skill level 10 in Invocations
 26499 | D:12     | Found Zuudior's Gadget Emporium.
 28777 | D:13     | Noticed Josephine
 28810 | D:13     | Killed Josephine
 29021 | D:13     | Reached XP level 15. HP: 119/119 MP: 30/30
 29046 | D:13     | Found a gate to the Vaults.
 29220 | D:14     | Reached skill level 10 in Short Blades
 29220 | D:14     | Reached skill level 10 in Shields
 29284 | D:14     | Reached ****** piety under the Shining One
 29398 | D:14     | Found a portal to a secret trove of treasure.
 29465 | D:14     | Paralysed by a hornet for 2 turns
 29492 | Trove    | Entered a treasure trove
 29497 | Trove    | Found the +0 Maxwell's etheric cage {RegenMP+ *Contam rElec
                  | MP+4}
 29497 | Trove    | Found the +3 robe of Folly {Archmagi, MR-- Int+5}
 29546 | Trove    | Got a slimy buckler
 29557 | Trove    | Identified the +1 buckler of Brilliance {rN+} (You found it
                  | in a treasure trove)
 29585 | Trove    | Got a bloodstained chain mail
 29587 | Trove    | Got a dazzling chain mail
 29599 | Trove    | Identified the +3 chain mail of the Buccaneer {Int+3 Dex+4}
                  | (You found it in a treasure trove)
 29609 | Trove    | Identified the +1 chain mail of Submission {*Drain Int+5
                  | Dex+2} (You found it in a treasure trove)
 29855 | D:14     | Found a glowing silver altar of Zin.
 29917 | D:15     | Entered Level 15 of the Dungeon
 30044 | D:15     | Found a staircase to the Depths.
 30448 | D:14     | HP: 1/120 [red ugly thing (17)]
 30916 | D:14     | Reached skill level 12 in Spellcasting
 31345 | Orc:1    | Entered Level 1 of the Orcish Mines
 31357 | Orc:1    | HP: 1/120 [ettin/+2 dire flail of crushing (32)]
 31362 | Orc:1    | Mangled by an ettin

Levels and vault maps discovered:
D:1:      mrwooster_arrival_statue_3, layout_basic
D:2:      layout_rooms, guppyfry_early_lair_pool, uniq_crazy_yiuf_cottage
D:3:      layout_basic, lemuel_round_altar, lemuel_coloured_pillars_altar,
          gammafunk_ghost_icy, first_ration, chequers_serial_rivers_marsh
D:4:      layout_basic, serial_shops, nicolae_shop_trees, shop,
          nicolae_shop_window_shopping, minmay_misc_feat_nine_boxes
D:5:      layout_rooms, minmay_temple_entry_large_hall, gammafunk_ghost_hive,
          uniq_duvessa, uniq_sigmund
D:6:      layout_basic, kennysheep_mini_moat, serial_shops,
          nicolae_shop_overgrown_old_shop, minmay_quadrilaterals, uniq_pikel,
          uniq_blork_the_orc
D:7:      layout_layer_cave, gammafunk_temple_overflow_forgotten
D:8:      layout_basic, lair_entry_dummy, nicolae_ossuary_entry_giza
D:9:      layout_small_grid, david_orc_1_choice, blue_anna_alchemist
          [blue_anna_fruit_fields, blue_anna_fruit_fields]
D:10:     layout_irregular_city, minivault_14, uniq_maurice
D:11:     layout_irregular_city, hangedman_minor_magic
D:12:     layout_basic, serial_shops, kennysheep_little_box
D:13:     layout_gridville, david_vaults_1, serial_bayou_pond_b, uniq_josephine
D:14:     layout_rooms, lemuel_statue_altar, nicolae_trove_entry_crossroad
D:15:     grunt_enter_depths_magical_seal, layout_small_grid,
          chequers_serial_rivers_small_b
Lair:1:   layout_cave_pods, st_stairs_6, infiniplex_staircase_pool
Lair:2:   minmay_guarded_unrand_snakebite, layout_layer_cave,
          palyth_hydra_swamp_entry, chequers_serial_rivers_micro_d, uniq_urug
Lair:3:   layout_roguey, spider_nest_entry_a, chequers_serial_rivers_micro_b
Lair:4:   layout_regular_city, gauntlet_entry_generic, wad_woods_road_03,
          grunt_megastairs_1, uniq_nessos, uniq_snorg
Lair:5:   layout_long_grid, serial_bayou_shore_a
Lair:6:   minmay_lair_end_enchanted_forest, layout_hall_layers,
          nicolae_slime_entry_slimehenge, serial_bayou_shore_b,
          infiniplex_staircase_pool_2, grunt_megastairs_5
Orc:1:    layout_caves, gammafunk_ghost_arena

Skill      XL: |  1  2  3  4  5  6  7  8  9 10 11 12 13 14 15 |
---------------+----------------------------------------------+-----
Invocations    | 1 2 3 4 5 6 7 8 9 10 | 10.8
Long Blades    | 1 2 3 4 5 6 7 8 9 |  9.9
Axes           | 1 2 3 4 5 6 7 8 9 |  9.9
Maces & Flails | 1 2 3 4 5 6 7 8 9 |  9.9
Polearms       | 1 2 3 4 5 6 7 8 9 |  9.9
Staves         | 1 2 3 4 5 6 7 8 9 |  9.9
Slings         | 1 2 3 4 5 6 7 8 9 |  9.9
Bows           | 1 2 3 4 5 6 7 8 9 |  9.9
Crossbows      | 1 2 3 4 5 6 7 8 9 |  9.9
Throwing       | 1 2 3 4 5 6 7 8 9 |  9.9
Armour         | 1 2 3 4 5 6 7 8 9 |  9.9
Dodging        | 1 2 3 4 5 6 7 8 9 |  9.9
Unarmed Combat | 1 2 3 4 5 6 7 8 9 |  9.9
Evocations     | 1 2 3 4 5 6 7 8 9 |  9.9
Conjurations   | 1 2 3 4 5 6 7 8 |  8.3
Hexes          | 1 2 3 4 5 6 7 8 |  8.3
Charms         | 1 2 3 4 5 6 7 8 |  8.3
Summonings     | 1 2 3 4 5 6 7 8 |  8.3
Necromancy     | 1 2 3 4 5 6 7 8 |  8.3
Translocations | 1 2 3 4 5 6 7 8 |  8.3
Transmutations | 1 2 3 4 5 6 7 8 |  8.3
Fire Magic     | 1 2 3 4 5 6 7 8 |  8.3
Ice Magic      | 1 2 3 4 5 6 7 8 |  8.3
Air Magic      | 1 2 3 4 5 6 7 8 |  8.3
Earth Magic    | 1 2 3 4 5 6 7 8 |  8.3
Poison Magic   | 1 2 3 4 5 6 7 8 |  8.3
Short Blades   | 3 4 5 6 7 8 9 10 | 10.3
Shields        | 3 4 5 6 7 8 9 10 | 10.3
Fighting       | 7 8 9 10 11 | 11.7
Stealth        | 5 6 7 8 9 10 | 10.7
Spellcasting   | 8 9 10 11 12 | 12.0

Action                   |  1- 3 |  4- 6 |  7- 9 | 10-12 | 13-15 || total
-------------------------+-------+-------+-------+-------+-------++-------
Melee: Dagger            |   101 |   131 |       |       |       ||   232
       Bite              |    11 |    19 |    70 |   111 |   224 ||   435
       Mace              |       |    13 |   487 |   511 |   118 ||  1129
       Punch             |       |       |     6 |       |       ||     6
       Long sword        |       |       |       |   379 |  1277 ||  1656
Throw: Boomerang         |       |       |       |    10 |       ||    10
Invok: Divine Shield     |       |       |       |     2 |       ||     2
       Cleansing Flame   |       |       |       |     1 |     2 ||     3
       Summon Divine War |       |       |       |       |     2 ||     2
Evoke: Wand              |       |     5 |     3 |     8 |     3 ||    19
  Use: Scroll            |       |     5 |     4 |    12 |     4 ||    25
       Potion            |       |       |     1 |     5 |     4 ||    10
 Stab: Sleeping          |     9 |     2 |     1 |       |       ||    12
  Eat: Chunk             |     1 |     6 |    13 |    13 |     6 ||    39
       Ration            |       |       |     3 |     5 |    11 ||    19
Armor: Robe              |    21 |    22 |    19 |       |       ||    62
       Plate armour      |       |       |   375 |   408 |   809 ||  1592
       Skin              |       |       |       |    25 |       ||    25
Dodge: Dodged            |    43 |    67 |   196 |   213 |   511 ||  1030
Block: Shield            |       |       |    21 |   520 |  1372 ||  1913
       Reflection        |       |       |       |       |    32 ||    32
       Rpst.: Long sword |       |       |       |    22 |   106 ||   128
